BlackHawks vs Predators

Created - January 4 2012 at 17:06

Goals
1 2 3 T
BlackHawks 1 0 0 1
Predators 0 3 3 6
Shots
1 2 3 T
BlackHawks 7 5 6 18
Predators 9 16 8 33

Period #1

1. BlackHawks , Darren Helm 5 (Ron Hainsey, Braden Holtby) at 1:32 (SH)

Penalties :
Mattias Ohlund (CHI) for Roughing (Minor) at 0:06, Mattias Ohlund (CHI) for Holding (Minor) at 2:37, Mark Eaton (CHI) for Hooking (Minor) at 9:48, Ron Hainsey (CHI) for Slashing (Minor) at 12:16, Shea Weber (NSH) for High sticking (Minor) at 17:27

Period #2

2. Predators , Mikhail Grabovski 11 (Brent Burns, Marian Gaborik) at 1:18
3. Predators , Jeff Carter 28 (Braydon Coburn, Marian Gaborik) at 3:28 (PP)
4. Predators , Simon Gagne 8 (Mikhail Grabovski, Paul Gaustad) at 19:43

Penalties :
Mark Eaton (CHI) for High sticking (Minor) at 3:14, Mattias Ohlund (CHI) for Hooking (Minor) at 12:00, Shea Weber (NSH) for Interference (Minor) at 14:04, Tyler Kennedy (CHI) for Slashing (Minor) at 14:06, Sean Avery (CHI) for Hooking (Minor) at 15:48

Period #3

5. Predators , Patric Hornqvist 14 (Mikhail Grabovski, Steven Stamkos) at 4:11 (PP)
6. Predators , Mikhail Grabovski 12 (Patric Hornqvist, Paul Gaustad) at 4:18
7. Predators , Steven Stamkos 33 (Tomas Kaberle) at 9:09

Penalties :
Mats Zuccarello (CHI) for Tripping (Minor) at 3:23

Goalie Stats

Braden Holtby (CHI), 25 saves from 31 shots - (0.806), L, 6-8-3, 49:09 minutes
Jose Theodore (CHI), 2 saves from 2 shots - (1.000), 10:51 minutes
Pekka Rinne (NSH), 17 saves from 18 shots - (0.944), W, 22-11-3, 60:00 minutes

Players Stats

BlackHawks
Player Name              G  A  P  +/- PIM S  H  SB FO    MP 
------------------------------------------------------------
Anton Babchuk            0  0  0  -1  0   3  1  3  0/0   23 
Chris Campoli            0  0  0  -2  0   1  0  0  0/0   17 
Chris Neil               0  0  0   0  0   0  1  0  0/0   12 
Cody McCormick           0  0  0  -1  0   0  2  0  0/0   13 
Daniel Paille            0  0  0   0  0   0  0  0  0/0   12 
Darren Helm              1  0  1  -1  0   2  3  1  12/27 21 
Hal Gill                 0  0  0  -1  0   0  1  0  0/0   20 
James Neal               0  0  0  -1  0   2  2  0  0/1   9  
Jay McClement            0  0  0  -1  0   1  0  0  3/9   11 
Joe Thornton             0  0  0  -2  0   1  0  0  10/22 14 
Mark Eaton               0  0  0   1  4   1  0  2  0/0   18 
Mathieu Darche           0  0  0   0  0   1  0  1  0/0   20 
Mats Zuccarello          0  0  0  -2  2   4  1  0  2/5   16 
Mattias Ohlund           0  0  0  -2  6   1  2  1  0/0   20 
Ron Hainsey              0  1  1  -1  2   0  2  1  0/0   20 
Samuel Pahlsson          0  0  0   0  0   0  0  0  5/13  18 
Sean Avery               0  0  0  -1  2   1  1  0  0/1   11 
Tyler Kennedy            0  0  0  -1  2   0  0  0  0/2   10 
Predators
Player Name              G  A  P  +/- PIM S  H  SB FO    MP 
------------------------------------------------------------
Brandon Prust            0  0  0   0  0   0  1  0  1/1   10 
Braydon Coburn           0  1  1   1  0   2  1  1  0/0   22 
Brent Burns              0  1  1   0  0   4  5  0  0/0   23 
Chad LaRose              0  0  0   0  0   0  3  0  0/0   10 
Jeff Carter              1  0  1   0  0   5  2  0  4/6   21 
Jeff Woywitka            0  0  0   0  0   0  0  1  0/0   0  
Marian Gaborik           0  2  2   0  0   1  1  0  0/0   20 
Mikhail Grabovski        2  2  4   3  0   7  0  1  9/18  20 
Nicklas Backstrom        0  0  0   0  0   1  2  0  16/23 20 
Patric Hornqvist         1  1  2   2  0   5  0  0  0/1   18 
Paul Gaustad             0  2  2   2  0   0  1  0  12/17 16 
Shea Weber               0  0  0   1  4   1  2  4  0/0   24 
Simon Gagne              1  0  1   2  0   2  0  0  1/1   14 
Steven Stamkos           1  1  2   1  0   4  0  0  3/5   14 
T.J. Galiardi            0  0  0   0  0   1  0  0  1/6   11 
Tomas Kaberle            0  1  1   1  0   0  0  1  0/0   23 
Wayne Simmonds           0  0  0   1  0   0  1  0  1/2   9  
Zbynek Michalek          0  0  0   1  0   0  0  1  0/0   19 

3 Stars

1 - Mikhail Grabovski (NSH)
2 - Patric Hornqvist (NSH)
3 - Steven Stamkos (NSH)

Power Play

BlackHawks - 0 on 2 Attempt(s) - 0.00%
Predators - 2 on 9 Attempt(s) - 22.22%

Penalty Kill

BlackHawks - 7 on 9 Attempt(s) - 77.78% - Score 1 goal in Penalty Kill
Predators - 2 on 2 Attempt(s) - 100.00% - Score 0 goal in Penalty Kill

Game Notes

Jeff Woywitka is injured at 2:15 of 1st period (Hip)
Jose Theodore enters game at 9:09 of 3rd period

Finance

Level 1 -- Attendance: 6500 (100.00%) -- Ticket Income $520,000.00
Level 2 -- Attendance: 4628 (92.56%) -- Ticket Income $240,656.00
Level 3 -- Attendance: 3183 (90.94%) -- Ticket Income $95,490.00
Level 4 -- Attendance: 1113 (100.00%) -- Ticket Income $22,260.00
Luxury Box -- Attendance: 1000 (100.00%) -- Ticket Income $135,000.00
Game was played at the Bridgestone Arena
Total Attendance: 16424 (95.97%)
Total Ticket Income: $1,102,656.00
Other Income: $217,993.80
Total Income: $1,320,650.00


Play by Play

Period #1

0:01 of 1st period - Wayne Simmonds wins face-off versus Tyler Kennedy in neutral zone.
0:04 of 1st period - Joe Thornton is hit by Wayne Simmonds and loses puck.
0:06 of 1st period - Minor Penalty to Mattias Ohlund for Roughing.
0:07 of 1st period - Nicklas Backstrom wins face-off versus Darren Helm in BlackHawks zone.
0:33 of 1st period - Shot by Marian Gaborik.
0:33 of 1st period - Shot Blocked by Mark Eaton.
0:35 of 1st period - Shot by Braydon Coburn.
0:35 of 1st period - Stopped by Braden Holtby without a rebound.
0:36 of 1st period - Mikhail Grabovski wins face-off versus Joe Thornton in BlackHawks zone.
0:36 of 1st period - Mikhail Grabovski is hit by Hal Gill.
0:38 of 1st period - Shot by Shea Weber.
0:38 of 1st period - Shot Blocked by Anton Babchuk.
0:42 of 1st period - Shot by Steven Stamkos.
0:42 of 1st period - Shot Misses the Net.
0:44 of 1st period - Shot by Steven Stamkos.
0:44 of 1st period - Deflect By Mikhail Grabovski.
0:44 of 1st period - Shot Misses the Net.
1:32 of 1st period - Shot by Darren Helm.
1:32 of 1st period - Goal by Darren Helm - BlackHawks : 1 - Predators : 0.
1:33 of 1st period - Joe Thornton wins face-off versus Nicklas Backstrom in neutral zone.
2:00 of 1st period - Shot by Jeff Carter.
2:00 of 1st period - Deflect By Nicklas Backstrom.
2:00 of 1st period - Stopped by Braden Holtby without a rebound.
2:01 of 1st period - Mikhail Grabovski wins face-off versus Darren Helm in BlackHawks zone.
2:15 of 1st period - Shot by Jay McClement.
2:15 of 1st period - Shot Blocked by Jeff Woywitka.
2:15 of 1st period - Jeff Woywitka from Predators is injured at 2:15 of 1st period (Hip).
2:16 of 1st period - Joe Thornton wins face-off versus T.J. Galiardi in Predators zone.
2:25 of 1st period - James Neal is hit by Chad LaRose and loses puck.
2:37 of 1st period - Minor Penalty to Mattias Ohlund for Holding.
2:38 of 1st period - Darren Helm wins face-off versus Nicklas Backstrom in BlackHawks zone.
2:53 of 1st period - Shot by Nicklas Backstrom.
2:53 of 1st period - Shot Misses the Net.
2:55 of 1st period - Shot by Brent Burns.
2:55 of 1st period - Stopped by Braden Holtby without a rebound.
2:56 of 1st period - Mikhail Grabovski wins face-off versus Joe Thornton in BlackHawks zone.
3:17 of 1st period - Shot by Steven Stamkos.
3:17 of 1st period - Shot Misses the Net.
3:19 of 1st period - Shot by Mikhail Grabovski.
3:19 of 1st period - Stopped by Braden Holtby without a rebound.
3:20 of 1st period - Joe Thornton wins face-off versus Nicklas Backstrom in BlackHawks zone.
4:37 of 1st period - Shea Weber is hit by Cody McCormick and loses puck.
5:09 of 1st period - Icing by Jay McClement.
5:10 of 1st period - Jay McClement wins face-off versus T.J. Galiardi in BlackHawks zone.
5:10 of 1st period - Mattias Ohlund is hit by Brandon Prust and loses puck.
5:19 of 1st period - Shot by T.J. Galiardi.
5:19 of 1st period - Stopped by Braden Holtby without a rebound.
5:20 of 1st period - Samuel Pahlsson wins face-off versus T.J. Galiardi in BlackHawks zone.
5:30 of 1st period - Shot by Samuel Pahlsson.
5:30 of 1st period - Shot Blocked by Shea Weber.
5:32 of 1st period - Shot by Mark Eaton.
5:32 of 1st period - Stopped by Pekka Rinne without a rebound.
5:33 of 1st period - Paul Gaustad wins face-off versus Darren Helm in Predators zone.
5:50 of 1st period - Shot by Patric Hornqvist.
5:50 of 1st period - Stopped by Braden Holtby without a rebound.
5:51 of 1st period - Mikhail Grabovski wins face-off versus Samuel Pahlsson in BlackHawks zone.
5:51 of 1st period - Jeff Carter is hit by Anton Babchuk.
6:12 of 1st period - Icing by Jeff Carter.
6:13 of 1st period - Mikhail Grabovski wins face-off versus Darren Helm in Predators zone.
7:43 of 1st period - Shot by Anton Babchuk.
7:43 of 1st period - Stopped by Pekka Rinne without a rebound.
7:44 of 1st period - Samuel Pahlsson wins face-off versus Paul Gaustad in Predators zone.
8:15 of 1st period - Shot by Anton Babchuk.
8:15 of 1st period - Stopped by Pekka Rinne without a rebound.
8:16 of 1st period - Darren Helm wins face-off versus T.J. Galiardi in Predators zone.
8:16 of 1st period - Darren Helm is hit by Shea Weber.
8:27 of 1st period - Mats Zuccarello is hit by Shea Weber and loses puck.
8:36 of 1st period - Shot by Chad LaRose.
8:36 of 1st period - Shot Misses the Net.
9:17 of 1st period - Zbynek Michalek is hit by Mattias Ohlund and loses puck.
9:36 of 1st period - Shot by Mattias Ohlund.
9:36 of 1st period - Stopped by Pekka Rinne without a rebound.
9:37 of 1st period - Nicklas Backstrom wins face-off versus Samuel Pahlsson in Predators zone.
9:48 of 1st period - Minor Penalty to Mark Eaton for Hooking.
9:49 of 1st period - Nicklas Backstrom wins face-off versus Joe Thornton in BlackHawks zone.
10:10 of 1st period - Shot by Jeff Carter.
10:10 of 1st period - Stopped by Braden Holtby without a rebound.
10:11 of 1st period - Darren Helm wins face-off versus Mikhail Grabovski in BlackHawks zone.
10:35 of 1st period - Icing by Shea Weber.
10:36 of 1st period - Joe Thornton wins face-off versus Mikhail Grabovski in Predators zone.
11:37 of 1st period - Samuel Pahlsson is hit by Nicklas Backstrom and loses puck.
12:15 of 1st period - Mikhail Grabovski is hit by Ron Hainsey and loses puck.
12:16 of 1st period - Minor Penalty to Ron Hainsey for Slashing.
12:17 of 1st period - Darren Helm wins face-off versus Paul Gaustad in BlackHawks zone.
12:23 of 1st period - Icing by Paul Gaustad.
12:24 of 1st period - Paul Gaustad wins face-off versus Darren Helm in Predators zone.
12:39 of 1st period - Shot by Jeff Carter.
12:39 of 1st period - Shot Misses the Net.
12:41 of 1st period - Shot by Shea Weber.
12:41 of 1st period - Shot Blocked by Mattias Ohlund.
12:45 of 1st period - Shot by Jeff Carter.
12:45 of 1st period - Deflect By Steven Stamkos.
12:45 of 1st period - Shot Misses the Net.
13:37 of 1st period - Shot by Mikhail Grabovski.
13:37 of 1st period - Shot Misses the Net.
13:41 of 1st period - Shot by Mikhail Grabovski.
13:41 of 1st period - Stopped by Braden Holtby without a rebound.
13:42 of 1st period - Joe Thornton wins face-off versus Mikhail Grabovski in BlackHawks zone.
14:04 of 1st period - Shot by Mikhail Grabovski.
14:04 of 1st period - Stopped by Braden Holtby without a rebound.
14:05 of 1st period - Nicklas Backstrom wins face-off versus Joe Thornton in BlackHawks zone.
14:16 of 1st period - Shot by Marian Gaborik.
14:16 of 1st period - Shot Misses the Net.
14:24 of 1st period - Shot by Mathieu Darche.
14:24 of 1st period - Deflect By Mats Zuccarello.
14:24 of 1st period - Shot Misses the Net.
14:42 of 1st period - Shot by Mats Zuccarello.
14:42 of 1st period - Stopped by Pekka Rinne with a rebound.
14:44 of 1st period - Shot by Mats Zuccarello.
14:44 of 1st period - Shot Blocked by Zbynek Michalek.
15:53 of 1st period - Icing by Brent Burns.
15:54 of 1st period - Nicklas Backstrom wins face-off versus Jay McClement in Predators zone.
15:54 of 1st period - Nicklas Backstrom is hit by Cody McCormick.
16:41 of 1st period - Icing by Brent Burns.
16:42 of 1st period - Nicklas Backstrom wins face-off versus Darren Helm in Predators zone.
16:49 of 1st period - Ron Hainsey is hit by Marian Gaborik and loses puck.
16:53 of 1st period - Icing by Ron Hainsey.
16:54 of 1st period - Darren Helm wins face-off versus Patric Hornqvist in BlackHawks zone.
17:27 of 1st period - Minor Penalty to Shea Weber for High sticking.
17:28 of 1st period - Jeff Carter wins face-off versus Joe Thornton in Predators zone.
17:36 of 1st period - Icing by Tyler Kennedy.
17:37 of 1st period - Jeff Carter wins face-off versus Tyler Kennedy in BlackHawks zone.
18:40 of 1st period - Shot by Mathieu Darche.
18:40 of 1st period - Shot Misses the Net.
18:44 of 1st period - Shot by Mats Zuccarello.
18:44 of 1st period - Deflect By Darren Helm.
18:44 of 1st period - Stopped by Pekka Rinne without a rebound.
18:45 of 1st period - Joe Thornton wins face-off versus Jeff Carter in Predators zone.

Period #2

0:01 of 2nd period - Nicklas Backstrom wins face-off versus James Neal in neutral zone.
0:26 of 2nd period - Shot by Nicklas Backstrom.
0:26 of 2nd period - Shot Blocked by Anton Babchuk.
0:58 of 2nd period - Shot by Jeff Carter.
0:58 of 2nd period - Stopped by Braden Holtby with a rebound.
1:18 of 2nd period - Shot by Mikhail Grabovski.
1:18 of 2nd period - Goal by Mikhail Grabovski - BlackHawks : 1 - Predators : 1.
1:19 of 2nd period - Paul Gaustad wins face-off versus Darren Helm in neutral zone.
1:27 of 2nd period - Mikhail Grabovski is hit by Ron Hainsey and loses puck.
1:40 of 2nd period - Shot by Mikhail Grabovski.
1:40 of 2nd period - Stopped by Braden Holtby without a rebound.
1:41 of 2nd period - Jay McClement wins face-off versus T.J. Galiardi in BlackHawks zone.
1:41 of 2nd period - Jay McClement is hit by Chad LaRose.
1:46 of 2nd period - Off-side.
1:47 of 2nd period - T.J. Galiardi wins face-off versus Darren Helm in neutral zone.
3:11 of 2nd period - Shot by Patric Hornqvist.
3:11 of 2nd period - Stopped by Braden Holtby without a rebound.
3:12 of 2nd period - Mikhail Grabovski wins face-off versus Samuel Pahlsson in BlackHawks zone.
3:14 of 2nd period - Minor Penalty to Mark Eaton for High sticking.
3:15 of 2nd period - Nicklas Backstrom wins face-off versus Joe Thornton in BlackHawks zone.
3:24 of 2nd period - Shot by Marian Gaborik.
3:24 of 2nd period - Shot Hit the Post.
3:26 of 2nd period - Shot by Braydon Coburn.
3:26 of 2nd period - Shot Misses the Net.
3:28 of 2nd period - Shot by Jeff Carter.
3:28 of 2nd period - Goal by Jeff Carter - BlackHawks : 1 - Predators : 2.
3:29 of 2nd period - Paul Gaustad wins face-off versus Jay McClement in neutral zone.
3:29 of 2nd period - Paul Gaustad is hit by Sean Avery.
3:56 of 2nd period - Shot by Patric Hornqvist.
3:56 of 2nd period - Shot Misses the Net.
4:00 of 2nd period - Shot by Simon Gagne.
4:00 of 2nd period - Stopped by Braden Holtby with a rebound.
4:04 of 2nd period - Shot by Patric Hornqvist.
4:04 of 2nd period - Stopped by Braden Holtby with a rebound.
4:44 of 2nd period - Shot by Chris Neil.
4:44 of 2nd period - Shot Misses the Net.
4:46 of 2nd period - Shot by Samuel Pahlsson.
4:46 of 2nd period - Shot Blocked by Tomas Kaberle.
4:48 of 2nd period - Shot by Mark Eaton.
4:48 of 2nd period - Shot Blocked by Shea Weber.
4:52 of 2nd period - Shot by Chris Neil.
4:52 of 2nd period - Shot Blocked by Shea Weber.
4:54 of 2nd period - Shot by Chris Neil.
4:54 of 2nd period - Shot Misses the Net.
4:56 of 2nd period - Shot by Samuel Pahlsson.
4:56 of 2nd period - Shot Misses the Net.
4:58 of 2nd period - Shot by Chris Neil.
4:58 of 2nd period - Shot Misses the Net.
5:17 of 2nd period - Tyler Kennedy is hit by Braydon Coburn and loses puck.
5:25 of 2nd period - Joe Thornton is hit by Brent Burns and loses puck.
5:46 of 2nd period - Shot by Mats Zuccarello.
5:46 of 2nd period - Stopped by Pekka Rinne without a rebound.
5:47 of 2nd period - Paul Gaustad wins face-off versus Darren Helm in Predators zone.
5:47 of 2nd period - Paul Gaustad is hit by Mats Zuccarello.
9:46 of 2nd period - Shot by Joe Thornton.
9:46 of 2nd period - Stopped by Pekka Rinne with a rebound.
9:50 of 2nd period - Shot by James Neal.
9:50 of 2nd period - Stopped by Pekka Rinne without a rebound.
9:51 of 2nd period - Paul Gaustad wins face-off versus Jay McClement in Predators zone.
10:02 of 2nd period - Shot by Patric Hornqvist.
10:02 of 2nd period - Stopped by Braden Holtby without a rebound.
10:03 of 2nd period - Samuel Pahlsson wins face-off versus Wayne Simmonds in BlackHawks zone.
10:20 of 2nd period - Icing by Samuel Pahlsson.
10:21 of 2nd period - Paul Gaustad wins face-off versus Samuel Pahlsson in BlackHawks zone.
11:53 of 2nd period - Icing by Sean Avery.
11:54 of 2nd period - Jeff Carter wins face-off versus Jay McClement in BlackHawks zone.
11:54 of 2nd period - Brent Burns is hit by Mattias Ohlund and loses puck.
12:00 of 2nd period - Minor Penalty to Mattias Ohlund for Hooking.
12:01 of 2nd period - Nicklas Backstrom wins face-off versus Joe Thornton in BlackHawks zone.
12:06 of 2nd period - Shot by Brent Burns.
12:06 of 2nd period - Stopped by Braden Holtby without a rebound.
12:07 of 2nd period - Nicklas Backstrom wins face-off versus Darren Helm in BlackHawks zone.
12:10 of 2nd period - Shot by Jeff Carter.
12:10 of 2nd period - Shot Misses the Net.
12:48 of 2nd period - Shot by Brent Burns.
12:48 of 2nd period - Shot Misses the Net.
13:16 of 2nd period - Shot by Shea Weber.
13:16 of 2nd period - Stopped by Braden Holtby without a rebound.
13:17 of 2nd period - Mikhail Grabovski wins face-off versus Darren Helm in BlackHawks zone.
13:25 of 2nd period - Icing by Steven Stamkos.
13:26 of 2nd period - Darren Helm wins face-off versus Mikhail Grabovski in Predators zone.
13:27 of 2nd period - Shot by Anton Babchuk.
13:27 of 2nd period - Shot Misses the Net.
14:04 of 2nd period - Minor Penalty to Shea Weber for Interference.
14:05 of 2nd period - Jeff Carter wins face-off versus Joe Thornton in Predators zone.
14:05 of 2nd period - Brent Burns is hit by James Neal and loses puck.
14:06 of 2nd period - Minor Penalty to Tyler Kennedy for Slashing.
14:07 of 2nd period - Nicklas Backstrom wins face-off versus Joe Thornton in BlackHawks zone.
14:17 of 2nd period - Icing by Joe Thornton.
14:18 of 2nd period - Joe Thornton wins face-off versus Steven Stamkos in BlackHawks zone.
14:29 of 2nd period - Shot by James Neal.
14:29 of 2nd period - Stopped by Pekka Rinne without a rebound.
14:30 of 2nd period - Nicklas Backstrom wins face-off versus Mats Zuccarello in Predators zone.
14:51 of 2nd period - Shot by Marian Gaborik.
14:51 of 2nd period - Shot Misses the Net.
15:22 of 2nd period - Shot by Jeff Carter.
15:22 of 2nd period - Shot Misses the Net.
15:24 of 2nd period - Shot by Steven Stamkos.
15:24 of 2nd period - Shot Blocked by Anton Babchuk.
15:26 of 2nd period - Shot by Jeff Carter.
15:26 of 2nd period - Stopped by Braden Holtby with a rebound.
15:30 of 2nd period - Shot by Steven Stamkos.
15:30 of 2nd period - Shot Misses the Net.
15:32 of 2nd period - Shot by Jeff Carter.
15:32 of 2nd period - Shot Misses the Net.
15:34 of 2nd period - Shot by Jeff Carter.
15:34 of 2nd period - Shot Misses the Net.
15:36 of 2nd period - Shot by Steven Stamkos.
15:36 of 2nd period - Stopped by Braden Holtby without a rebound.
15:37 of 2nd period - Steven Stamkos wins face-off versus Mats Zuccarello in BlackHawks zone.
15:40 of 2nd period - Shot by Jeff Carter.
15:40 of 2nd period - Stopped by Braden Holtby without a rebound.
15:41 of 2nd period - Mats Zuccarello wins face-off versus Steven Stamkos in BlackHawks zone.
15:48 of 2nd period - Minor Penalty to Sean Avery for Hooking.
15:49 of 2nd period - Steven Stamkos wins face-off versus Darren Helm in BlackHawks zone.
15:56 of 2nd period - Shot by Steven Stamkos.
15:56 of 2nd period - Shot Blocked by Darren Helm.
15:58 of 2nd period - Shot by Brent Burns.
15:58 of 2nd period - Stopped by Braden Holtby without a rebound.
15:59 of 2nd period - Nicklas Backstrom wins face-off versus Darren Helm in BlackHawks zone.
16:32 of 2nd period - Shot by Jeff Carter.
16:32 of 2nd period - Shot Misses the Net.
17:28 of 2nd period - Mattias Ohlund is hit by Jeff Carter and loses puck.
18:05 of 2nd period - Shot by Paul Gaustad.
18:05 of 2nd period - Shot Blocked by Mathieu Darche.
18:55 of 2nd period - Shot by Jay McClement.
18:55 of 2nd period - Shot Misses the Net.
18:57 of 2nd period - Shot by Sean Avery.
18:57 of 2nd period - Stopped by Pekka Rinne with a rebound.
19:31 of 2nd period - Off-side.
19:32 of 2nd period - Nicklas Backstrom wins face-off versus Darren Helm in neutral zone.
19:39 of 2nd period - Icing by Joe Thornton.
19:40 of 2nd period - Paul Gaustad wins face-off versus Joe Thornton in BlackHawks zone.
19:41 of 2nd period - Shot by Mikhail Grabovski.
19:41 of 2nd period - Stopped by Braden Holtby with a rebound.
19:43 of 2nd period - Shot by Simon Gagne.
19:43 of 2nd period - Goal by Simon Gagne - BlackHawks : 1 - Predators : 3.
19:44 of 2nd period - Joe Thornton wins face-off versus Mikhail Grabovski in neutral zone.
19:47 of 2nd period - Marian Gaborik is hit by James Neal and loses puck.

Period #3

0:01 of 3rd period - Steven Stamkos wins face-off versus Joe Thornton in neutral zone.
0:25 of 3rd period - Icing by Anton Babchuk.
0:26 of 3rd period - Joe Thornton wins face-off versus Mikhail Grabovski in BlackHawks zone.
0:26 of 3rd period - Joe Thornton is hit by Jeff Carter.
0:47 of 3rd period - Shot by Marian Gaborik.
0:47 of 3rd period - Shot Misses the Net.
0:49 of 3rd period - Shot by Braydon Coburn.
0:49 of 3rd period - Stopped by Braden Holtby without a rebound.
0:50 of 3rd period - Paul Gaustad wins face-off versus Darren Helm in BlackHawks zone.
0:59 of 3rd period - Zbynek Michalek is hit by Darren Helm and loses puck.
2:35 of 3rd period - Daniel Paille is hit by Brent Burns.
3:23 of 3rd period - Minor Penalty to Mats Zuccarello for Tripping.
3:24 of 3rd period - Joe Thornton wins face-off versus Nicklas Backstrom in BlackHawks zone.
4:11 of 3rd period - Shot by Patric Hornqvist.
4:11 of 3rd period - Goal by Patric Hornqvist - BlackHawks : 1 - Predators : 4.
4:12 of 3rd period - Paul Gaustad wins face-off versus Jay McClement in neutral zone.
4:18 of 3rd period - Shot by Mikhail Grabovski.
4:18 of 3rd period - Goal by Mikhail Grabovski - BlackHawks : 1 - Predators : 5.
4:19 of 3rd period - Darren Helm wins face-off versus Paul Gaustad in neutral zone.
4:26 of 3rd period - Zbynek Michalek is hit by Darren Helm and loses puck.
6:07 of 3rd period - Shot by Hal Gill.
6:07 of 3rd period - Shot Blocked by Mikhail Grabovski.
6:23 of 3rd period - Ron Hainsey is hit by Chad LaRose and loses puck.
6:40 of 3rd period - Shot by Darren Helm.
6:40 of 3rd period - Shot Blocked by Shea Weber.
6:42 of 3rd period - Shot by Darren Helm.
6:42 of 3rd period - Deflect By Mathieu Darche.
6:42 of 3rd period - Stopped by Pekka Rinne without a rebound.
6:43 of 3rd period - Simon Gagne wins face-off versus Jay McClement in Predators zone.
7:39 of 3rd period - Shot by Marian Gaborik.
7:39 of 3rd period - Stopped by Braden Holtby without a rebound.
7:40 of 3rd period - Samuel Pahlsson wins face-off versus Nicklas Backstrom in BlackHawks zone.
8:05 of 3rd period - Shot by Jeff Carter.
8:05 of 3rd period - Shot Misses the Net.
8:07 of 3rd period - Shot by Brent Burns.
8:07 of 3rd period - Stopped by Braden Holtby without a rebound.
8:08 of 3rd period - Darren Helm wins face-off versus Nicklas Backstrom in BlackHawks zone.
8:17 of 3rd period - Shot by Mats Zuccarello.
8:17 of 3rd period - Stopped by Pekka Rinne without a rebound.
8:18 of 3rd period - Darren Helm wins face-off versus Paul Gaustad in Predators zone.
8:36 of 3rd period - Shot by Simon Gagne.
8:36 of 3rd period - Shot Blocked by Ron Hainsey.
8:47 of 3rd period - Icing by Mathieu Darche.
8:48 of 3rd period - Darren Helm wins face-off versus Nicklas Backstrom in BlackHawks zone.
8:58 of 3rd period - Nicklas Backstrom is hit by Darren Helm and loses puck.
9:09 of 3rd period - Shot by Steven Stamkos.
9:09 of 3rd period - Goal by Steven Stamkos - BlackHawks : 1 - Predators : 6.
9:09 of 3rd period - Jose Theodore enters game.
9:10 of 3rd period - Samuel Pahlsson wins face-off versus Jeff Carter in neutral zone.
9:13 of 3rd period - Shot by Anton Babchuk.
9:13 of 3rd period - Stopped by Pekka Rinne without a rebound.
9:14 of 3rd period - Mikhail Grabovski wins face-off versus Samuel Pahlsson in Predators zone.
10:23 of 3rd period - Icing by Mattias Ohlund.
10:24 of 3rd period - Jay McClement wins face-off versus Paul Gaustad in BlackHawks zone.
10:28 of 3rd period - Jay McClement is hit by Paul Gaustad and loses puck.
10:43 of 3rd period - Shot by Sean Avery.
10:43 of 3rd period - Shot Misses the Net.
13:19 of 3rd period - Icing by Jeff Carter.
13:20 of 3rd period - Darren Helm wins face-off versus Mikhail Grabovski in Predators zone.
13:32 of 3rd period - Shot by Mats Zuccarello.
13:32 of 3rd period - Stopped by Pekka Rinne without a rebound.
13:33 of 3rd period - Nicklas Backstrom wins face-off versus Samuel Pahlsson in Predators zone.
13:38 of 3rd period - Anton Babchuk is hit by Nicklas Backstrom and loses puck.
13:53 of 3rd period - Shot by Nicklas Backstrom.
13:53 of 3rd period - Shot Blocked by Mark Eaton.
14:38 of 3rd period - Shot by Darren Helm.
14:38 of 3rd period - Shot Blocked by Braydon Coburn.
14:56 of 3rd period - Shot by Chris Campoli.
14:56 of 3rd period - Stopped by Pekka Rinne without a rebound.
14:57 of 3rd period - Brandon Prust wins face-off versus Joe Thornton in Predators zone.
15:45 of 3rd period - Shot by Cody McCormick.
15:45 of 3rd period - Shot Misses the Net.
15:47 of 3rd period - Shot by Jay McClement.
15:47 of 3rd period - Stopped by Pekka Rinne without a rebound.
15:48 of 3rd period - Paul Gaustad wins face-off versus Mats Zuccarello in Predators zone.
16:08 of 3rd period - Mats Zuccarello is hit by Brent Burns.
16:11 of 3rd period - Darren Helm is hit by Brent Burns and loses puck.
16:37 of 3rd period - Jay McClement is hit by Brent Burns and loses puck.
16:43 of 3rd period - Icing by Zbynek Michalek.
16:44 of 3rd period - Paul Gaustad wins face-off versus Samuel Pahlsson in Predators zone.
16:44 of 3rd period - Paul Gaustad is hit by Chris Neil.
17:03 of 3rd period - Icing by Shea Weber.
17:04 of 3rd period - Nicklas Backstrom wins face-off versus Sean Avery in Predators zone.
17:27 of 3rd period - Shot by Steven Stamkos.
17:27 of 3rd period - Stopped by Jose Theodore with a rebound.
17:29 of 3rd period - Shot by Steven Stamkos.
17:29 of 3rd period - Stopped by Jose Theodore without a rebound.
17:30 of 3rd period - Mats Zuccarello wins face-off versus Mikhail Grabovski in BlackHawks zone.
17:40 of 3rd period - Icing by Braydon Coburn.
17:41 of 3rd period - Mikhail Grabovski wins face-off versus Samuel Pahlsson in Predators zone.
17:45 of 3rd period - Icing by Jeff Carter.
17:46 of 3rd period - Darren Helm wins face-off versus Mikhail Grabovski in Predators zone.


Output by the SimonT Hockey Simulator (STHS) for Stephane Roy -- Original Page W3C XHTML 1.0 Valid